 Dungeon Crawl Stone Soup version 0.30-a0-930-gb9d0489357 (webtiles) character file.

Game seed: 11317682725021007767

1515 Iich the Cleaver (level 8, -3/58 HPs)
             Began as a Demonspawn Fighter on Mar 22, 2023.
             Was an Initiate of Gozag.
             Killed from afar by an acid dragon (28 damage)
             ... with a splash of acid
             ... on level 7 of the Dungeon on Mar 23, 2023.
             The game lasted 00:09:49 (5852 turns).

Iich the Cleaver (Demonspawn Fighter)               Turns: 5852, Time: 00:09:50

Health: -3/58      AC: 10    Str: 15 (16) XL:     8   Next: 53%
Magic:  8/8        EV:  8    Int:  6 (9)  God:    Gozag
Gold:   269        SH:  4    Dex: 14 (16) Spells: 7/7 levels left

rFire   + . .      SeeInvis .    a - +1 war axe
rCold   . . .      Faith    .    c - +0 buckler
rNeg    + . .      Spirit   .    D - +3 chain mail {rF+}
rPois   .          Reflect  .    e - +1 helmet
rElec   .          Rampage  .    x - +1 cloak
rCorr   .          Rage     3%   s - +1 pair of gloves
Will    .....                    (no boots) Stlth
                                 o - amulet of the acrobat
HPRegen 0.29/turn                N - ring of positive energy
MPRegen 0.11/turn                (no ring)

@: corroded
A: claws 1, repulsion field 1, spiny 1, berserk 1, frail 1, wild magic 1,
MP-powered wands
a: Renounce Religion, Potion Petition, Call Merchant, Bribe Branch


You were on level 7 of the Dungeon.
You worshipped Gozag.
Gozag was aware of your devotion.
You visited 1 branch of the dungeon, and saw 7 of its levels.

You collected 605 gold pieces.
You spent 291 gold pieces at shops.
You paid 45 gold pieces to Gozag.

Inventory:

Hand Weapons
 a - a +1 war axe (weapon)
Armour
 c - a +0 buckler (worn)
 e - a +1 helmet (worn)
 s - a +1 pair of gloves (worn)
 x - a +1 cloak (worn)
 D - a +3 chain mail of fire resistance (worn)
Jewellery
 o - an amulet of the acrobat (around neck)
 y - an amulet of magic regeneration
 N - a ring of positive energy (left hand)
Wands
 k - a wand of flame (5)
 p - a wand of light (6)
Scrolls
 b - a scroll of silence {unknown}
 f - a scroll of vulnerability
 g - 3 scrolls of fear
 i - a scroll of identify
 l - a scroll of enchant weapon
 m - a scroll of amnesia {unknown}
 q - a scroll of immolation
 r - a scroll of fog
 t - 4 scrolls of teleportation
 u - a scroll of poison
Potions
 d - a potion of might
 n - a potion of haste {unknown}
 z - a potion of magic
 A - a potion of flight {unknown}
 B - a potion of heal wounds {unknown}
 C - a potion of ambrosia {unknown}


   Skills:
 + Level 6.8 Fighting
 * Level 8.2 Axes
 - Level 2.6 Armour
 - Level 2.6 Shields


You had 7 spell levels left.
You didn't know any spells.
Your spell library contained the following spells:

 Spells                   Type           Power      Damage    Failure   Level
 Cigotuvi's Dreadful Rot  Necr/Pois/Air  0%         N/A       100%        2
 Poisonous Vapours        Pois/Air       0%         N/A       100%        2
 Hailstorm                Conj/Ice       0%         3d3       100%        3
 Mephitic Cloud           Conj/Pois/Air  0%         N/A       100%        3
 Summon Guardian Golem    Hex/Summ       0%         N/A       100%        3
 Ice Form                 Ice/Tmut       0%         N/A       100%        4
 Orb of Destruction       Conj           0%         9d5       100%        7
 Spellforged Servitor     Conj/Summ      0%         N/A       100%        7
 Simulacrum               Ice/Necr       Unusable   N/A       N/A         6

Dungeon Overview and Level Annotations

Branches:
Dungeon (7/15)
 Temple: D:4-7

Altars:
Gozag
Hepliaklqana
Nemelex Xobeh
Qazlal
Ru
Xom

Shops:
D:1 [


Innate Abilities, Weirdness & Mutations

You have sharp fingernails.
You are surrounded by a mild repulsion field. (EV +2)
You are partially covered in sharp spines.
You sometimes lose your temper in combat.
You are frail. (-10% HP)
Your spells are a little harder to cast, but a little more powerful.
You expend magic power (3 MP) to strengthen your wands.


Message History

You take 12 damage, and have 46/58 hp. !!!!--MASSIVE DAMAGE--!!!!
You closely miss the acid dragon. You hit the gnoll.
You hear the creaking of a very distant portcullis.
The acid dragon bites you. You block the acid dragon's attack.
The gnoll is struck by your spines. The gnoll hits you with a +0 whip!
You block the acid dragon's attack. The acid dragon claws you.
You take 12 damage, and have 34/58 hp. !!!!--MASSIVE DAMAGE--!!!!
You are too injured to fight recklessly!
You are too injured to fight recklessly!
Unknown command.
You are too injured to fight recklessly!
Unknown command.
You are too injured to fight recklessly!
You hit the gnoll but do no damage.
The gnoll is moderately wounded.
You hit the acid dragon.
A gnoll comes into view. It is wielding a +0 club.
The acid dragon is struck by your spines.
The acid dragon bites you!
* * * LOW HITPOINT WARNING * * *
The acid dragon claws you but does no damage.
You block the gnoll's attack.
You take 10 damage, and have 24/58 hp.
You hit the gnoll but do no damage.
The gnoll is moderately wounded.
You hit the acid dragon.
You hit the gnoll bouda but do no damage.
The gnoll barely misses you. The gnoll bouda barely misses you.
The acid dragon spits acid at you.
The splash of acid hits you but does no damage.
The acid corrodes you! You block the gnoll's attack.
You hit the gnoll but do no damage.
The gnoll is moderately wounded.
You hit the acid dragon. You barely miss the gnoll bouda.
A gnoll comes into view. It is wielding a +0 flail.
You block the gnoll's attack. The acid dragon spits acid at you.
The splash of acid hits you!!
You die...
Your body crumbles into a pile of gold.

# #g
######### .#
#.......# g#
## #.#####.#
.##.# #.# #.#
##.#># #.#
#.###g..# #.#
#....g.## #.#
#####@g.#
#####.#######
##D#.#
#...........>
.....
#.###.#######
.......
##.###.#
..#^#.#
.......#
..#.# .
##.##..###
### #
#.##....#
#.....#.###


You could see an acid dragon (catching breath), a gnoll bouda and 4 gnolls.

Vanquished Creatures
  Sigmund (D:4)
  Pargi (D:4)
  2 sky beasts
  A black bear (D:4)
  3 ogres
  An ice beast (D:5)
  3 phantoms
  An orc priest (D:4)
  Crazy Yiuf (D:3)
  3 sleepcaps (D:5)
  An orc wizard (D:3)
  2 gnolls
  10 adders
  A shadow imp (D:5)
  3 worms (D:2)
  A dart slug (D:3)
  17 orcs
  7 ball pythons
  8 endoplasms
  5 giant cockroaches
  12 goblins
  4 hobgoblins
  4 jackals (D:1)
  8 kobolds
  6 quokkas
  8 bats
  4 frilled lizards
  6 rats
124 creatures vanquished.

Vanquished Creatures (others)
  3 fungi (D:3)
  4 plants (D:3)
7 creatures vanquished.

Grand Total: 131 creatures vanquished

Notes
Turn   | Place    | Note
-------+----------+-------------------------------------------
     0 | D:1      | Iich the Demonspawn Fighter began the quest for the Orb.
     0 | D:1      | Reached XP level 1. HP: 18/18 MP: 1/1
   106 | D:1      | Reached skill level 2 in Axes
   130 | D:1      | Gained mutation: You are surrounded by a mild repulsion
                  | field. (EV +2) [demonic ancestry]
   130 | D:1      | Reached XP level 2. HP: 12/24 MP: 2/2
   182 | D:1      | Found Turoulocewn's Armour Emporium.
   361 | D:1      | Upgraded the game from 0.30-a0-924-g0ad0bf95bc to
                  | 0.30-a0-930-gb9d0489357
   491 | D:1      | Reached XP level 3. HP: 24/29 MP: 3/3
   657 | D:1      | Reached skill level 3 in Axes
   993 | D:2      | Found a faded altar of an unknown god.
  1143 | D:2      | Reached XP level 4. HP: 32/37 MP: 4/4
  1991 | D:3      | Found an opulent altar of Gozag.
  2021 | D:3      | Became a worshipper of Gozag Ym Sagoz the Greedy
  2054 | D:3      | Reached skill level 4 in Axes
  2090 | D:3      | Gained mutation: You have sharp fingernails. [demonic
                  | ancestry]
  2090 | D:3      | Reached XP level 5. HP: 36/42 MP: 5/5
  2146 | D:3      | Found a runed translucent door.
  2147 | D:3      | Noticed Crazy Yiuf
  2185 | D:3      | Noticed a sky beast
  2194 | D:3      | Killed a sky beast
  2258 | D:3      | Gained mutation: You are partially covered in sharp spines.
                  | [demonic ancestry]
  2258 | D:3      | Reached XP level 6. HP: 46/49 MP: 6/6
  2453 | D:3      | You fall into a shaft and drop 1 floor!
  2478 | D:4      | Reached skill level 5 in Axes
  2577 | D:4      | Found a stormy altar of Qazlal.
  2866 | D:3      | Found a sparkling altar of Nemelex Xobeh.
  2884 | D:3      | Found a sacrificial altar of Ru.
  3261 | D:3      | Killed Crazy Yiuf
  3365 | D:4      | Found a large runed translucent door.
  3366 | D:4      | Found a large runed translucent door.
  3491 | D:4      | Noticed Sigmund
  3507 | D:4      | Killed Sigmund
  3508 | D:4      | Reached skill level 5 in Fighting
  3508 | D:4      | Reached skill level 6 in Axes
  3508 | D:4      | Reached XP level 7. HP: 37/56 MP: 7/7
  3867 | D:4      | Noticed Pargi
  3874 | D:4      | Killed Pargi
  4548 | D:4      | Found a shimmering altar of Xom.
  4567 | D:5      | Entered Level 5 of the Dungeon
  4579 | D:5      | Reached skill level 7 in Axes
  4808 | D:5      | Reached XP level 8. HP: 50/64 MP: 8/8
  4913 | D:5      | Found a hazy altar of Hepliaklqana.
  5458 | D:1      | Bought a +3 chain mail of fire resistance for 291 gold
                  | pieces
  5598 | D:6      | Reached skill level 8 in Axes
  5639 | D:6      | Gained mutation: Your spells are a little harder to cast,
                  | but a little more powerful. [potion of mutation]
  5639 | D:6      | Gained mutation: You sometimes lose your temper in combat.
                  | [potion of mutation]
  5639 | D:6      | Gained mutation: You are frail. (-10% HP) [potion of
                  | mutation]
  5639 | D:6      | Gained mutation: You expend magic power (3 MP) to
                  | strengthen your wands. [potion of mutation]
  5852 | D:7      | Killed from afar by an acid dragon

Illustrated notes

Levels and vault maps discovered:
D:1:      wander_arrival_chamber, layout_basic, serial_shops, shop,
          hangedman_decor_riveting
D:2:      layout_basic, hellmonk_ecumenical_altar_pennies_from_heaven
D:3:      layout_basic, mainiacjoe_overflow_catwalk,
          mainiacjoe_overflow_boulevard, nicolae_ru_the_path_less_chosen,
          uniq_crazy_yiuf_cottage
D:4:      layout_layer_cave, jmf_multi_god_temple2, overflow_temple_1_default,
          serial_rivers, chequers_serial_rivers_micro_d,
          chequers_serial_rivers_micro_d, chequers_serial_rivers_small_a,
          chequers_serial_rivers_large_a, chequers_serial_rivers_marsh,
          chequers_serial_rivers_micro_b, minmay_distorted, uniq_pargi,
          uniq_sigmund
D:5:      layout_layer_cave, kennysheep_mini_moat
D:6:      layout_basic, gammafunk_ghost_nasty_kobolds,
          kennysheep_generic_room_15
D:7:      nicolae_cairo_tiling_very_big, layout_loops_ring,
          grunt_temple_overflow_lords_of_destruction, zin_angel,
          minmay_temple_entry_antechambers, serial_shops,
          nicolae_shop_competitors_out_of_business, nicolae_shop_trees,
          enter_bailey_5

Skill      XL: |  1  2  3  4  5  6  7  8 |
---------------+-------------------------+-----
Axes           | 2 3 4 6 7 8 |  8.2
Fighting       | 4 5 6 |  6.8
Armour         | |  2.6
Shields        | |  2.6

Action                     |  1- 3 |  4- 6 |  7- 9 || total
---------------------------+-------+-------+-------++-------
  Melee: War axe           |   143 |   138 |    98 ||   379
  Evoke: Wand              |       |     4 |     3 ||     7
    Use: Scroll            |     2 |     4 |     3 ||     9
         Potion            |       |     1 |     5 ||     6
   Stab: Invisible         |       |     1 |       ||     1
         Distracted        |       |       |     1 ||     1
 Armour: Scale mail        |    95 |    50 |    35 ||   180
         Chain mail        |       |       |    16 ||    16
  Dodge: Dodged            |    87 |    64 |    46 ||   197
  Block: Buckler           |    46 |    42 |    30 ||   118

Table legend: (Time is in decaauts)
 A = Elapsed time spent in this place.
 B = Non-inter-level travel time spent in this place.
 C = Inter-level travel time spent in this place.
 D = Time resting spent in this place.
 E = Time spent auto-exploring this place.
 F = Levels seen in this place.
 G = Mean time per level.
                   A        B        C        D        E       F      G
               +--------+--------+--------+--------+--------+-----+--------+
         Total |   5996 |   5626 |    370 |    335 |   4255 |   7 |  856.6 |
       Dungeon |   5996 |   5626 |    370 |    335 |   4255 |   7 |  856.6 |
               +--------+--------+--------+--------+--------+-----+--------+

Top non-repeatable levels by time:
     D:4: 1499 daAuts
     D:3: 1225 daAuts
     D:1: 1111 daAuts
     D:2: 1054 daAuts
     D:5: 835 daAuts
     D:7: 205 daAuts
     D:6: 66 daAuts
